 Dungeon Crawl Stone Soup version 0.19-a0-1704-gbd66c22 (webtiles) character file.

245 gottagoquickly the Chopper (level 5, -4/47 HPs)
             Began as a Minotaur Fighter on Sept 27, 2016.
             Slain by an ogre
             ... wielding a +0 giant spiked club
              (17 damage)
             ... on level 5 of the Dungeon.
             The game lasted 00:04:58 (517 turns).

gottagoquickly the Chopper (Minotaur Fighter)        Turns: 517, Time: 00:04:58

Health: -4/47      AC: 11    Str: 21    XL:     5   Next: 84%
Magic:  4/4        EV:  5    Int:  5    God:
Gold:   60         SH:  9    Dex: 10    Spells: 0 memorised, 4 levels left

rFire  . . .     SeeInvis .     a - +0 war axe
rCold  . . .     Gourm    .     p - +0 chain mail
rNeg   . . .     Faith    .     c - +0 shield
rPois  .         Spirit   .     (helmet restricted)
rElec  .         Dismiss  .     (no cloak)
rCorr  +         Reflect  .     (no gloves)
MR     .....     Harm     .     j - +0 pair of boots
Stlth  ..........               (no amulet)
                                l - ring of resist corrosion
                                h - ring of flight

@: flying
A: retaliatory headbutt, horns 2
a: no special abilities


You were on level 5 of the Dungeon.
You were not hungry.

You visited 1 branch of the dungeon, and saw 5 of its levels.

You collected 60 gold pieces.

Inventory:

Hand Weapons
 a - a +0 war axe (weapon)
Missiles
 o - 7 curare-tipped needles
Armour
 b - a +0 scale mail
 c - a +0 shield (worn)
 j - a +0 pair of boots (worn)
 p - a +0 chain mail (worn)
Jewellery
 h - a ring of flight (left hand)
 l - a ring of resist corrosion (right hand)
Scrolls
 k - 5 scrolls of identify {unknown}
Potions
 f - a potion of might
 n - a potion of degeneration {unknown}
Comestibles
 d - 2 bread rations
 g - 6 fruits
 i - 5 chunks of flesh
 m - a beef jerky


   Skills:
 - Level 4.6 Fighting
 + Level 5.3 Axes
 - Level 4.8 Armour
 - Level 4.5 Shields


You had 4 spell levels left.
You didn't know any spells.

Dungeon Overview and Level Annotations

Branches:
Dungeon (5/15)
 Temple: D:4-7

Altars:
Fedhas

Annotations:
D:4 Shenda's ghost, amateur HESk


Innate Abilities, Weirdness & Mutations

You reflexively headbutt those who attack you in melee.
You have a pair of horns on your head.


Message History

Found a scroll labeled ONLAMIMEDD.
Some of the chunks of flesh in your inventory have rotted away.
You hit the ogre.
The ogre is lightly wounded.
You block the ogre's attack.
You hit the ogre but do no damage.
You headbutt the ogre, but do no damage.
The ogre is lightly wounded.
You block the ogre's attack.
You hit the ogre.
The ogre is lightly wounded.
The ogre hits you with a giant spiked club!!
Ouch! That really hurt!
You are too injured to fight recklessly!
You are too injured to fight recklessly!
It was a potion of flight.
You feel very buoyant.
You fly up into the air.
The ogre hits you with a giant spiked club!
You die...

#.......#
#.......#
#.....<.#
#.......#
#.......#
#.......#
#.......#
#.......#
#......@#
#.......O(.....
#...............
#)...(..........
#...............
#...............
#...............
.........?.....


You could see an ogre.

Vanquished Creatures
  Eustachio (D:4)
  An orc wizard (D:4)
  A worker ant (D:4)
  Robin (D:2)
  An adder (D:4)
  4 orcs (D:4)
  A giant cockroach (D:4)
  9 goblins (D:2)
  2 hobgoblins (D:2)
  3 jackals (D:2)
  4 quokkas
  A bat (D:2)
  A frilled lizard (D:4)
  A jackal zombie (D:5)
  2 kobolds
  3 rats
36 creatures vanquished.

Notes
Turn   | Place    | Note
-------+----------+-------------------------------------------
     0 | D:1      | gottagoquickly the Minotaur Fighter began the quest for the Orb.
     0 | D:1      | Reached XP level 1. HP: 19/19 MP: 0/0
   117 | D:2      | Noticed Robin
   125 | D:2      | Reached XP level 2. HP: 21/27 MP: 1/1
   127 | D:2      | Reached skill level 4 in Armour
   134 | D:2      | Reached skill level 3 in Axes
   141 | D:2      | Killed Robin
   141 | D:2      | Reached skill level 4 in Fighting
   141 | D:2      | Reached XP level 3. HP: 23/33 MP: 2/2
   233 | D:4      | Noticed Shenda's ghost (amateur HESk)
   272 | D:4      | Found a blossoming altar of Fedhas.
   327 | D:5      | Entered Level 5 of the Dungeon
   329 | D:5      | Noticed an ogre
   358 | D:4      | Reached skill level 4 in Shields
   358 | D:4      | Reached XP level 4. HP: 38/40 MP: 3/3
   410 | D:4      | Noticed Eustachio
   427 | D:4      | Killed Eustachio
   427 | D:4      | Reached skill level 4 in Axes
   427 | D:4      | Reached XP level 5. HP: 38/47 MP: 4/4
   483 | D:4      | Reached skill level 5 in Axes
   510 | D:5      | Noticed an ogre
   517 | D:5      | Slain by an ogre

Vault maps used:
D:1:      dpeg_arrival_short_road, columned_hall_lemuel,
          minmay_stone_trees_small
D:2:      hangedman_decor_clover_reticule, st_stairs_4, uniq_robin
D:3:      tso_metal_star, uniq_terence, uniq_iyjb
D:4:      fedhas_altar_2, bloody_trog, uniq_eustachio
D:5:      first_bread

Skill      XL: |  1  2  3  4  5 |
---------------+----------------+-----
Armour         | 4 |  4.8
Axes           | 3 4 5 |  5.3
Fighting       | 4 |  4.6
Shields        | 4 |  4.5

Action                   |  1- 3 |  4- 6 || total
-------------------------+-------+-------++-------
Melee: War axe           |    51 |    30 ||    81
       Headbutt          |    11 |     4 ||    15
  Use: Potion            |       |     1 ||     1
Armor: Scale mail        |    32 |       ||    32
       Chain mail        |       |    33 ||    33
Dodge: Dodged            |    22 |    16 ||    38
Block: Shield            |    49 |    25 ||    74
